 Dungeon Crawl Stone Soup version 0.27-a0-1281-ge233d83751 (webtiles) character file.

Game seed: 10085806608067011235

84 bilbop the Bolt Thrower (level 4, -3/28 HPs)
             Began as a Kobold Hunter on June 13, 2021.
             Splashed by a jelly's acid (10 damage)
             ... on level 4 of the Dungeon.
             The game lasted 00:10:49 (3385 turns).

bilbop the Bolt Thrower (Kobold Hunter)             Turns: 3385, Time: 00:10:49

Health: -3/28      AC: -7    Str: 10    XL:     4   Next: 74%
Magic:  4/4        EV: 14    Int: 12    God:
Gold:   75         SH:  0    Dex: 15    Spells: 3/3 levels left

rFire    + . .     SeeInvis .   b - +0 dagger
rCold    . . .     Faith    .   (shield restricted)
rNeg     . . .     Spirit   .   c - +0 leather armour
rPois    .         Reflect  .   (no helmet)
rElec    .         Harm     .   o - +0 cloak
rCorr    .         Rampage  .   (no gloves)
Will     .....                  i - +0 pair of boots
Stlth    +++.......             (no amulet)
HPRegen  0.09/turn              g - ring of protection from fire
MPRegen  0.09/turn              (no ring)

@: corroded
A: small, no large weapons, nightstalker 3
a: no special abilities


You were on level 4 of the Dungeon.
You visited 1 branch of the dungeon, and saw 4 of its levels.

You collected 99 gold pieces.
You spent 24 gold pieces at shops.

Inventory:

Hand Weapons
 a - a +1 hand crossbow
 b - a +0 dagger (weapon)
 e - a +0 short sword
Missiles
 d - 5 bolts
Armour
 c - a +0 leather armour (worn)
 i - a +0 pair of boots (worn)
 o - a +0 cloak (worn)
Jewellery
 g - a ring of protection from fire (left hand)
Wands
 n - a wand of mindburst (15)
Scrolls
 f - a scroll of magic mapping
 j - 2 scrolls of teleportation
 m - 4 scrolls of immolation
 p - 3 scrolls of identify
Potions
 h - 2 potions of degeneration {unknown}
 k - a potion of attraction {unknown}
 l - a potion of berserk rage {unknown}
 q - a potion of brilliance {unknown}


   Skills:
 * Level 3.4 Fighting
 + Level 1.8 Short Blades
 + Level 5.2 Crossbows
 + Level 3.1 Dodging
 + Level 2.7 Stealth


You had 3 spell levels left.
You didn't know any spells.
Your spell library was empty.

Dungeon Overview and Level Annotations

Branches:
Dungeon (4/15)
 Temple: D:4-7

Altars:

Shops:
D:2 ?


Innate Abilities, Weirdness & Mutations

You are small and have problems with some larger weapons.
You are completely attuned to the shadows.


Message History

a +0 club; a +0 chain mail
There is a stone staircase leading down here.
You can't go down here!
There is a stone staircase leading down here.
You climb downwards.
A jelly comes into view.
There is a stone staircase leading up here.
a - a +1 hand crossbow (weapon)
d - 7 bolts (gained 1)
You see here a +0 club.
A jelly is nearby!
You shoot a bolt. The jelly quivers.
The bolt hits the jelly.
The jelly is lightly wounded.
You shoot a bolt. The bolt hits the jelly.
The jelly is lightly wounded.
The jelly misses you. The jelly hits you but does no damage.
b - a +0 dagger (weapon)
You barely miss the jelly.
The jelly is lightly wounded.
The jelly hits you but does no damage.
You hit the jelly.
Your hands burn!
The jelly is lightly wounded.
The jelly closely misses you.
You hit the jelly.
Your hands burn!
The jelly is moderately wounded.
The jelly hits you but does no damage.
You hit the jelly but do no damage. The acid corrodes you!
Your hands burn!
The jelly is moderately wounded.
The jelly barely misses you.
You hit the jelly but do no damage. The acid corrodes you!
Your hands burn!
The jelly is moderately wounded.
The jelly barely misses you.
You hit the jelly but do no damage. The acid corrodes you!
Your hands burn!
The jelly is moderately wounded.
The jelly hits you.
* * * LOW HITPOINT WARNING * * *
You are splashed with acid!
You die...

...........
......)....
......<....
....)...#..
........#
........#
........# #.
........#...
.......@J..#
............
............
............
...........


You could see a jelly.

Vanquished Creatures
  2 adders (D:2)
  A worm (D:3)
  2 dart slugs (D:1)
  6 orcs
  2 bats
  3 endoplasms
  2 giant cockroaches
  2 goblins
  A hobgoblin (D:1)
  8 jackals
  7 kobolds
  3 quokkas
  4 ball pythons
  A frilled lizard (D:1)
  5 rats
49 creatures vanquished.

Notes
Turn   | Place    | Note
-------+----------+-------------------------------------------
     0 | D:1      | bilbop the Kobold Hunter began the quest for the Orb.
     0 | D:1      | Reached XP level 1. HP: 12/12 MP: 1/1
   137 | D:1      | Reached XP level 2. HP: 9/18 MP: 2/2
   382 | D:1      | Reached skill level 5 in Crossbows
   399 | D:1      | Reached skill level 1 in Short Blades
   527 | D:1      | Reached XP level 3. HP: 15/22 MP: 3/3
   673 | D:1      | Found a faded altar of an unknown god.
  1036 | D:2      | Found Sadeh's Magic Scroll Emporium.
  1041 | D:2      | Bought a scroll of identify for 24 gold pieces
  1648 | D:2      | Reached XP level 4. HP: 28/28 MP: 4/4
  3145 | D:4      | Identified the +2 buckler "Efyalij" {Drain Will+++ rCorr
                  | Stlth+}
  3385 | D:4      | Splashed by a jelly's acid

Illustrated notes

Levels and vault maps discovered:
D:1:      tarquinn_simple_flora_water_d, layout_rooms,
          ebering_ecumenical_altar_hall, serial_bayou_pond_e
D:2:      layout_loops_ring, serial_shops, shop
D:3:      layout_basic, chequers_serial_rivers_room_a, minmay_misc_feat_chi,
          chequers_serial_rivers_large_a
D:4:      layout_gridville, nicolae_vehumet_radiance,
          ebering_ghost_reflecting_pool, abandoned_shop

Skill      XL: |  1  2  3  4 |
---------------+-------------+-----
Crossbows      | 5 |  5.2
Stealth        | 2 |  2.7
Short Blades   | 1 |  1.8
Fighting       | 3 |  3.4
Dodging        | 3 |  3.1

Action                   |  1- 3 |  4- 6 || total
-------------------------+-------+-------++-------
Melee: Dagger            |    32 |    56 ||    88
 Fire: Hand crossbow     |    56 |    39 ||    95
  Use: Scroll            |     2 |     1 ||     3
Armor: Leather armour    |    15 |    15 ||    30
Dodge: Dodged            |    31 |    62 ||    93

Table legend: (Time is in decaauts)
 A = Elapsed time spent in this place.
 B = Non-inter-level travel time spent in this place.
 C = Inter-level travel time spent in this place.
 D = Time resting spent in this place.
 E = Time spent auto-exploring this place.
 F = Levels seen in this place.
 G = Mean time per level.
                   A        B        C        D        E       F      G
               +--------+--------+--------+--------+--------+-----+--------+
         Total |   3418 |   3334 |     84 |    417 |   2545 |   4 |  854.5 |
       Dungeon |   3418 |   3334 |     84 |    417 |   2545 |   4 |  854.5 |
               +--------+--------+--------+--------+--------+-----+--------+

Top non-repeatable levels by time:
     D:3: 1335 daAuts
     D:1: 990 daAuts
     D:2: 842 daAuts
     D:4: 250 daAuts
